[ AOE2 MATCH · #475087192 ]
UnrankedBritons vs Bohemians
[ REPLAY ANALYSIS · EXTRACTED FROM THE RECORDED GAME ]
Feudal
7:13
Castle
11:03
Imperial
27:22
| APM avg | 33.5 |
| APM peak | 57 |
| eAPM avg | 25.1 |
| Villagers / military | 131 / 304 |
Focus
⚔️ 51.7% · 🌾 48.3%
Spearman ×170 · Longbowman ×104 · Trade Cart ×13 · Trebuchet (Packed) ×13 · Militia ×10 · Petard ×3
Feudal
6:46
Castle
10:50
Imperial
25:14
| APM avg | 38.4 |
| APM peak | 83 |
| eAPM avg | 26.0 |
| Villagers / military | 145 / 419 |
Focus
⚔️ 40.8% · 🌾 59.2%
Camel Scout ×388 · Trade Cart ×58 · Scout Cavalry ×25 · Bombard Cannon ×6
Feudal
7:11
Castle
10:49
Imperial
24:03
| APM avg | 64.5 |
| APM peak | 121 |
| eAPM avg | 33.9 |
| Villagers / military | 187 / 224 |
Focus
⚔️ 52.6% · 🌾 47.4%
Archer ×153 · Trade Cart ×42 · Hussite Wagon ×34 · Monk ×16 · Bombard Cannon ×14 · Battering Ram ×4
Feudal
8:05
Castle
11:35
Imperial
23:41
| APM avg | 44.6 |
| APM peak | 76 |
| eAPM avg | 29.8 |
| Villagers / military | 142 / 271 |
Focus
⚔️ 38.5% · 🌾 61.5%
Boyar ×266 · Trade Cart ×58 · Trebuchet (Packed) ×5
Feudal
7:37
Castle
12:16
Imperial
28:26
| APM avg | 52.2 |
| APM peak | 96 |
| eAPM avg | 25.6 |
| Villagers / military | 208 / 228 |
Focus
⚔️ 36.2% · 🌾 63.8%
Cavalry Archer ×144 · Scout Cavalry ×40 · Janissary ×22 · Camel Scout ×22 · Trade Cart ×16
Feudal
7:48
Castle
10:59
Imperial
24:44
| APM avg | 33.9 |
| APM peak | 69 |
| eAPM avg | 23.5 |
| Villagers / military | 200 / 345 |
Focus
⚔️ 28.2% · 🌾 71.8%
War Elephant ×345 · Trade Cart ×69
Feudal
7:36
Castle
11:08
Imperial
25:49
| APM avg | 35.5 |
| APM peak | 71 |
| eAPM avg | 23.8 |
| Villagers / military | 127 / 150 |
Focus
⚔️ 38.2% · 🌾 61.8%
Unknown (882) ×99 · Archer ×49 · Genoese Crossbowman ×40 · Trade Cart ×38 · Skirmisher ×30 · Bombard Cannon ×28
Feudal
7:19
Castle
11:14
Imperial
31:11
| APM avg | 41.2 |
| APM peak | 80 |
| eAPM avg | 25.2 |
| Villagers / military | 191 / 402 |
Focus
⚔️ 35.2% · 🌾 64.8%
Spearman ×288 · Skirmisher ×55 · Conquistador ×53 · Trade Cart ×22 · Trebuchet (Packed) ×4 · Petard ×2
Match map
Initial resources + every placement click. Lines = walls · curves = elevation contours. ◆ gold · ⬟ stone · ● berries · ✦ relic · ◌ wall gap
Your base· ✓ Closed at 11:03 · 0t walls · 8 gate(s)
LM | Hanserino's base· ✓ Closed at 10:50 · 0t walls · 7 gate(s)
[TMG] Lucipher's base· ✓ Closed at 10:49 · 0t walls · 8 gate(s)
Hellsum's base· ✓ Closed at 11:35 · 0t walls · 6 gate(s)
[TMG] zv's base· ✓ Closed at 12:16 · 0t walls · 8 gate(s)
[TMG] roogg's base· ✓ Closed at 10:59 · 0t walls · 5 gate(s)
MaggieWuerze's base· ✓ Closed at 11:08 · 0t walls · 5 gate(s)
[TMG] purple's base· ✓ Closed at 11:14 · 0t walls · 7 gate(s)
Smoothed initial terrain · ◌ = detected wall gap · hover for details
Inputs per minute
— Vicky R - - LM | Hanserino
Build order — Vicky R
First 150 of 464 actions detected
| 0:03 | Create | Villager (Male) |
| 0:14 | Build | Lumber Camp |
| 0:27 | Create | Villager (Male) ×3 |
| 1:06 | Create | Villager (Male) |
| 1:16 | Create | Villager (Male) |
| 1:17 | Create | Villager (Male) |
| 1:42 | Create | Villager (Male) |
| 1:45 | Build | Mill |
| 2:13 | Create | Villager (Male) |
| 2:44 | Create | Villager (Male) |
| 2:52 | Create | Villager (Male) |
| 3:44 | Create | Villager (Male) |
| 4:17 | Create | Villager (Male) |
| 4:24 | Build | Farm |
| 4:27 | Build | Mining Camp |
| 5:00 | Research | Feudal Age |
| 5:39 | Create | Villager (Male) |
| 5:40 | Create | Villager (Male) |
| 6:01 | Build | Farm |
| 6:42 | Build | Farm |
| 7:13 | Age | Feudal Age |
| 7:15 | Build | Market |
| 7:18 | Build | Blacksmith |
| 8:23 | Research | Castle Age |
| 8:55 | Research | Double-Bit Axe |
| 9:04 | Research | Loom |
| 9:20 | Research | Horse Collar |
| 11:03 | Age | Castle Age |
| 11:07 | Build | Town Center |
| 11:19 | Build | Town Center |
| 11:20 | Research | Bow Saw |
| 11:25 | Research | Heavy Plow |
| 11:29 | Create | Villager (Male) |
| 11:48 | Create | Villager (Male) |
| 11:56 | Build | House |
| 12:00 | Build | Farm |
| 12:02 | Create | Villager (Male) |
| 12:21 | Create | Villager (Male) |
| 12:22 | Build | Farm |
| 12:25 | Build | Farm |
| 12:29 | Build | Farm |
| 12:35 | Build | House |
| 12:46 | Create | Villager (Male) ×2 |
| 12:50 | Build | Farm |
| 12:54 | Build | Farm |
| 13:00 | Create | Villager (Male) |
| 13:09 | Build | House |
| 13:13 | Build | Farm |
| 13:16 | Create | Villager (Male) |
| 13:20 | Build | Farm |
| 13:27 | Build | Farm |
| 13:32 | Create | Villager (Male) |
| 13:42 | Build | Farm |
| 13:51 | Create | Longbowman |
| 13:51 | Create | Longbowman |
| 13:52 | Create | Longbowman |
| 13:53 | Create | Villager (Male) |
| 14:15 | Create | Villager (Male) |
| 14:18 | Create | Longbowman |
| 14:20 | Create | Villager (Male) |
| 14:31 | Research | Fletching |
| 14:37 | Build | House |
| 14:46 | Create | Villager (Male) |
| 14:49 | Create | Villager (Male) |
| 14:50 | Create | Longbowman |
| 14:52 | Build | Farm |
| 15:05 | Build | Farm |
| 15:08 | Create | Villager (Male) |
| 15:13 | Build | Farm |
| 15:13 | Build | Farm |
| 15:16 | Create | Longbowman |
| 15:23 | Build | Farm |
| 15:24 | Create | Villager (Male) |
| 15:28 | Create | Villager (Male) |
| 15:36 | Build | House |
| 15:40 | Build | House |
| 15:43 | Create | Villager (Male) |
| 15:46 | Build | Farm |
| 16:06 | Create | Longbowman |
| 16:06 | Create | Longbowman |
| 16:07 | Create | Villager (Male) |
| 16:08 | Create | Villager (Male) |
| 16:15 | Create | Villager (Male) |
| 16:20 | Create | Longbowman |
| 16:24 | Build | Palisade Gate |
| 16:26 | Build | House |
| 16:27 | Create | Villager (Male) |
| 16:29 | Create | Villager (Male) |
| 16:40 | Create | Longbowman |
| 16:40 | Create | Longbowman |
| 16:44 | Research | Padded Archer Armor |
| 16:59 | Build | Farm |
| 16:59 | Create | Villager (Male) |
| 17:02 | Create | Villager (Male) |
| 17:05 | Build | Farm |
| 17:05 | Build | Farm |
| 17:19 | Build | Monastery |
| 17:20 | Create | Villager (Male) |
| 17:22 | Create | Villager (Male) |
| 17:23 | Create | Villager (Male) |
| 17:24 | Build | Mining Camp |
| 17:31 | Create | Villager (Male) |
| 17:35 | Build | Farm |
| 17:37 | Create | Villager (Male) |
| 17:49 | Create | Petard |
| 17:50 | Create | Petard |
| 18:01 | Create | Villager (Male) |
| 18:10 | Create | Petard |
| 18:15 | Create | Villager (Male) |
| 18:20 | Create | Villager (Male) |
| 18:23 | Build | Farm |
| 18:23 | Build | Farm |
| 18:34 | Create | Villager (Male) |
| 18:41 | Create | Villager (Male) |
| 18:48 | Build | Town Center |
| 18:53 | Create | Monk |
| 18:58 | Build | House |
| 19:05 | Build | Farm |
| 19:06 | Build | Mill |
| 19:12 | Create | Villager (Male) |
| 19:14 | Research | Wheelbarrow |
| 19:21 | Create | Longbowman |
| 19:21 | Create | Longbowman |
| 19:22 | Create | Villager (Male) |
| 19:35 | Create | Villager (Male) |
| 19:37 | Create | Longbowman |
| 19:39 | Create | Villager (Male) |
| 19:41 | Create | Villager (Male) |
| 19:54 | Create | Longbowman |
| 19:58 | Create | Villager (Male) |
| 20:16 | Create | Longbowman |
| 20:16 | Create | Longbowman |
| 20:16 | Create | Longbowman |
| 20:17 | Research | Bodkin Arrow |
| 20:31 | Create | Villager (Male) |
| 20:41 | Create | Longbowman |
| 20:49 | Build | University |
| 20:50 | Create | Villager (Male) |
| 20:55 | Build | Lumber Camp |
| 20:58 | Create | Villager (Male) |
| 20:58 | Create | Villager (Male) |
| 21:02 | Build | Mining Camp |
| 21:07 | Create | Longbowman |
| 21:07 | Create | Longbowman |
| 21:08 | Create | Longbowman |
| 21:18 | Build | Farm |
| 21:18 | Create | Villager (Male) |
| 21:19 | Create | Villager (Male) |
| 21:21 | Build | Farm |
| 21:21 | Build | Farm |
Build order — LM | Hanserino
First 150 of 615 actions detected
| 0:00 | Create | Villager (Male) |
| 0:01 | Create | Villager (Male) |
| 0:01 | Create | Villager (Male) |
| 0:05 | Build | Lumber Camp |
| 1:00 | Create | Villager (Male) |
| 1:13 | Create | Villager (Male) |
| 1:19 | Build | Mill |
| 1:57 | Create | Villager (Male) |
| 1:57 | Create | Villager (Male) |
| 2:05 | Create | Villager (Male) |
| 2:48 | Create | Villager (Male) |
| 2:49 | Create | Villager (Male) |
| 2:52 | Create | Villager (Male) |
| 4:10 | Build | Farm |
| 4:18 | Build | Farm |
| 4:24 | Build | Mining Camp |
| 4:27 | Research | Feudal Age |
| 5:04 | Create | Villager (Male) |
| 5:06 | Create | Villager (Male) |
| 5:30 | Build | Farm |
| 6:46 | Age | Feudal Age |
| 6:47 | Create | Villager (Male) |
| 6:47 | Create | Villager (Male) |
| 6:49 | Build | Market |
| 6:51 | Build | Blacksmith |
| 7:31 | Create | Villager (Male) |
| 8:10 | Research | Castle Age |
| 8:31 | Build | Lumber Camp |
| 8:40 | Research | Double-Bit Axe |
| 9:12 | Research | Horse Collar |
| 9:12 | Research | Horse Collar |
| 9:43 | Create | Villager (Male) |
| 10:50 | Age | Castle Age |
| 10:52 | Build | Town Center |
| 10:55 | Build | Town Center |
| 11:05 | Research | Heavy Plow |
| 11:07 | Research | Bow Saw |
| 11:07 | Research | Bow Saw |
| 11:18 | Create | Villager (Male) |
| 11:18 | Create | Villager (Male) |
| 11:29 | Build | Farm |
| 11:49 | Create | Villager (Male) |
| 11:49 | Create | Villager (Male) |
| 11:52 | Build | Farm |
| 11:58 | Build | Farm |
| 12:07 | Build | Farm |
| 12:10 | Create | Villager (Male) |
| 12:20 | Build | Farm |
| 12:30 | Build | Farm |
| 12:33 | Create | Villager (Male) |
| 12:33 | Create | Villager (Male) |
| 12:42 | Build | Farm |
| 12:50 | Create | Villager (Male) |
| 12:51 | Build | Farm |
| 12:55 | Create | Villager (Male) |
| 12:56 | Create | Villager (Male) |
| 13:06 | Build | Farm |
| 13:17 | Build | Farm |
| 13:19 | Create | Villager (Male) |
| 13:22 | Create | Villager (Male) |
| 13:22 | Create | Villager (Male) |
| 13:32 | Create | Villager (Male) |
| 13:32 | Create | Villager (Male) |
| 13:33 | Build | Farm |
| 13:45 | Build | Farm |
| 13:49 | Create | Villager (Male) |
| 13:58 | Build | Farm |
| 13:59 | Create | Villager (Male) |
| 13:59 | Create | Villager (Male) |
| 14:03 | Create | Villager (Male) |
| 14:03 | Create | Villager (Male) |
| 14:09 | Create | Villager (Male) |
| 14:09 | Create | Villager (Male) |
| 14:13 | Build | Farm |
| 14:21 | Create | Villager (Male) |
| 14:32 | Create | Villager (Male) |
| 14:32 | Create | Villager (Male) |
| 14:32 | Create | Villager (Male) |
| 14:43 | Create | Villager (Male) |
| 14:43 | Create | Villager (Male) |
| 14:52 | Create | Villager (Male) |
| 15:03 | Create | Villager (Male) |
| 15:04 | Create | Villager (Male) |
| 15:09 | Build | Town Center |
| 15:12 | Create | Villager (Male) |
| 15:24 | Research | Wheelbarrow |
| 15:25 | Create | Villager (Male) |
| 15:29 | Build | Farm |
| 15:33 | Build | Farm |
| 15:34 | Create | Villager (Male) |
| 15:34 | Create | Villager (Male) |
| 15:42 | Create | Villager (Male) |
| 15:48 | Build | Farm |
| 15:51 | Create | Villager (Male) |
| 15:53 | Build | Farm |
| 15:59 | Create | Villager (Male) |
| 16:03 | Build | Farm |
| 16:13 | Create | Villager (Male) |
| 16:22 | Create | Villager (Male) |
| 16:24 | Create | Villager (Male) |
| 16:29 | Build | Farm |
| 16:30 | Build | Farm |
| 16:32 | Create | Villager (Male) |
| 16:39 | Create | Villager (Male) |
| 16:47 | Create | Villager (Male) |
| 16:47 | Create | Villager (Male) |
| 16:57 | Create | Villager (Male) |
| 17:01 | Build | Town Center |
| 17:03 | Create | Villager (Male) |
| 17:04 | Create | Villager (Male) |
| 17:07 | Build | Farm |
| 17:20 | Create | Villager (Male) |
| 17:20 | Create | Villager (Male) |
| 17:22 | Build | Farm |
| 17:26 | Build | House |
| 17:27 | Build | House |
| 17:27 | Build | House |
| 17:33 | Build | Farm |
| 17:34 | Create | Villager (Male) |
| 17:36 | Build | House |
| 17:38 | Create | Villager (Male) |
| 17:41 | Create | Villager (Male) |
| 17:43 | Build | House |
| 17:45 | Build | House |
| 17:45 | Build | House |
| 17:48 | Create | Villager (Male) |
| 17:53 | Research | Town Watch |
| 17:56 | Research | Loom |
| 17:58 | Create | Villager (Male) |
| 18:08 | Research | Gold Mining |
| 18:08 | Research | Stone Mining |
| 18:09 | Create | Villager (Male) |
| 18:20 | Create | Villager (Male) |
| 18:20 | Create | Villager (Male) |
| 18:26 | Build | Stone Wall |
| 18:32 | Build | Stone Wall |
| 18:33 | Create | Villager (Male) |
| 18:33 | Create | Villager (Male) |
| 18:36 | Build | Gate |
| 18:38 | Create | Villager (Male) |
| 18:38 | Create | Villager (Male) |
| 18:41 | Build | Farm |
| 18:45 | Create | Villager (Male) |
| 18:45 | Create | Villager (Male) |
| 18:47 | Create | Villager (Male) |
| 18:48 | Create | Villager (Male) |
| 18:48 | Build | Farm |
| 18:49 | Build | Farm |
| 18:52 | Build | Farm |
| 18:54 | Create | Villager (Male) |
Build order — [TMG] Lucipher
First 150 of 665 actions detected
| 0:01 | Create | Villager (Male) |
| 0:01 | Create | Villager (Male) |
| 0:02 | Create | Villager (Male) |
| 0:05 | Build | Lumber Camp |
| 0:10 | Build | Mill |
| 0:14 | Create | Villager (Male) |
| 0:15 | Create | Villager (Male) |
| 0:56 | Create | Villager (Male) |
| 0:56 | Create | Villager (Male) |
| 1:25 | Create | Villager (Male) |
| 1:25 | Create | Villager (Male) |
| 1:53 | Create | Villager (Male) |
| 1:54 | Create | Villager (Male) |
| 2:28 | Create | Villager (Male) |
| 2:28 | Create | Villager (Male) |
| 2:53 | Create | Villager (Male) |
| 2:53 | Create | Villager (Male) |
| 2:54 | Create | Villager (Male) |
| 2:54 | Create | Villager (Male) |
| 3:19 | Create | Villager (Male) |
| 3:56 | Create | Villager (Male) |
| 4:00 | Build | Mining Camp |
| 4:31 | Create | Villager (Male) |
| 4:50 | Research | Feudal Age |
| 4:50 | Research | Feudal Age |
| 5:07 | Create | Villager (Male) |
| 5:07 | Create | Villager (Male) |
| 6:12 | Build | Farm |
| 6:19 | Build | Farm |
| 7:03 | Build | Farm |
| 7:11 | Age | Feudal Age |
| 7:17 | Build | Market |
| 7:19 | Build | Blacksmith |
| 7:39 | Build | Farm |
| 8:09 | Research | Castle Age |
| 8:09 | Research | Castle Age |
| 8:24 | Build | Lumber Camp |
| 8:49 | Research | Double-Bit Axe |
| 8:51 | Create | Villager (Male) |
| 9:13 | Research | Horse Collar |
| 10:03 | Create | Villager (Male) |
| 10:49 | Age | Castle Age |
| 10:54 | Build | Town Center |
| 10:55 | Create | Villager (Male) |
| 10:57 | Research | Bow Saw |
| 11:02 | Research | Wheelbarrow |
| 11:32 | Research | Heavy Plow |
| 11:38 | Build | Farm |
| 11:50 | Create | Villager (Male) |
| 12:34 | Create | Villager (Male) |
| 12:37 | Build | Monastery |
| 12:38 | Create | Villager (Male) |
| 12:38 | Create | Villager (Male) |
| 12:39 | Build | Farm |
| 12:40 | Build | Farm |
| 12:41 | Build | Farm |
| 12:47 | Build | House |
| 12:49 | Build | House |
| 12:53 | Build | Farm |
| 12:57 | Create | Villager (Male) |
| 13:10 | Create | Villager (Male) |
| 13:13 | Build | Farm |
| 13:18 | Build | Farm |
| 13:27 | Create | Monk |
| 13:30 | Build | Farm |
| 13:31 | Create | Villager (Male) |
| 13:36 | Create | Monk |
| 13:38 | Create | Villager (Male) |
| 13:38 | Create | Villager (Male) |
| 13:54 | Build | Farm |
| 13:58 | Build | Farm |
| 14:00 | Create | Villager (Male) |
| 14:01 | Create | Villager (Male) |
| 14:13 | Build | Farm |
| 14:19 | Create | Villager (Male) |
| 14:19 | Create | Villager (Male) |
| 14:22 | Create | Hussite Wagon |
| 14:48 | Create | Hussite Wagon |
| 14:58 | Create | Villager (Male) |
| 14:58 | Create | Villager (Male) |
| 15:00 | Create | Villager (Male) |
| 15:11 | Create | Villager (Male) |
| 15:11 | Create | Villager (Male) |
| 15:12 | Create | Hussite Wagon |
| 15:30 | Create | Hussite Wagon |
| 15:32 | Create | Villager (Male) |
| 15:36 | Build | Farm |
| 15:39 | Build | Farm |
| 15:53 | Create | Villager (Male) |
| 16:03 | Create | Villager (Male) |
| 16:12 | Build | Siege Workshop |
| 16:14 | Create | Villager (Male) |
| 16:15 | Create | Villager (Male) |
| 16:26 | Create | Petard |
| 16:27 | Create | Petard |
| 16:27 | Create | Petard |
| 16:33 | Create | Hussite Wagon |
| 16:37 | Create | Villager (Male) |
| 16:40 | Build | Farm |
| 16:48 | Create | Villager (Male) |
| 16:53 | Build | House |
| 17:10 | Create | Villager (Male) |
| 17:13 | Build | Farm |
| 17:21 | Create | Hussite Wagon |
| 17:23 | Build | House |
| 17:29 | Build | Farm |
| 17:39 | Create | Villager (Male) |
| 17:46 | Create | Villager (Male) |
| 17:46 | Create | Villager (Male) |
| 18:06 | Build | House |
| 18:07 | Create | Villager (Male) |
| 18:08 | Create | Villager (Male) |
| 18:10 | Build | Farm |
| 18:13 | Build | Farm |
| 18:14 | Build | Farm |
| 18:20 | Create | Hussite Wagon |
| 18:25 | Create | Villager (Male) |
| 18:25 | Create | Villager (Male) |
| 18:29 | Create | Battering Ram |
| 18:29 | Create | Battering Ram |
| 18:29 | Create | Battering Ram |
| 18:35 | Create | Monk |
| 18:35 | Create | Monk |
| 18:38 | Build | House |
| 18:48 | Create | Battering Ram |
| 19:10 | Create | Hussite Wagon |
| 19:14 | Build | House |
| 19:18 | Build | House |
| 19:18 | Build | House |
| 19:19 | Create | Villager (Male) |
| 19:27 | Build | Palisade Gate |
| 19:29 | Build | House |
| 19:39 | Create | Hussite Wagon |
| 19:50 | Create | Hussite Wagon |
| 20:02 | Create | Hussite Wagon |
| 20:04 | Create | Villager (Male) |
| 20:04 | Create | Monk |
| 20:28 | Create | Villager (Male) |
| 20:28 | Create | Villager (Male) |
| 20:30 | Create | Villager (Male) |
| 20:30 | Create | Villager (Male) |
| 20:33 | Build | Farm |
| 20:52 | Research | Imperial Age |
| 20:53 | Research | Imperial Age |
| 21:00 | Create | Villager (Male) |
| 21:00 | Create | Villager (Male) |
| 21:05 | Build | University |
| 21:06 | Build | Farm |
| 21:11 | Build | Farm |
| 21:20 | Create | Hussite Wagon |
Build order — Hellsum
First 150 of 654 actions detected
| 0:00 | Create | Villager (Male) |
| 0:01 | Create | Villager (Male) |
| 0:01 | Create | Villager (Male) |
| 0:06 | Build | Lumber Camp |
| 0:08 | Create | Villager (Male) |
| 0:25 | Build | Mill |
| 0:55 | Create | Villager (Male) |
| 0:56 | Create | Villager (Male) |
| 2:10 | Create | Villager (Male) |
| 2:10 | Create | Villager (Male) |
| 2:10 | Create | Villager (Male) |
| 2:26 | Create | Villager (Male) |
| 2:51 | Create | Villager (Male) |
| 3:03 | Create | Villager (Male) |
| 3:12 | Create | Villager (Male) |
| 3:34 | Create | Villager (Male) |
| 3:57 | Create | Villager (Male) |
| 5:09 | Build | Mining Camp |
| 5:34 | Research | Feudal Age |
| 5:36 | Create | Villager (Male) |
| 5:36 | Create | Villager (Male) |
| 5:44 | Build | Farm |
| 5:47 | Build | Farm |
| 6:03 | Build | Lumber Camp |
| 8:05 | Age | Feudal Age |
| 8:07 | Build | Market |
| 8:08 | Build | Blacksmith |
| 8:16 | Research | Double-Bit Axe |
| 8:16 | Research | Double-Bit Axe |
| 8:22 | Research | Horse Collar |
| 8:22 | Research | Horse Collar |
| 8:50 | Build | Farm |
| 8:54 | Research | Castle Age |
| 8:54 | Research | Castle Age |
| 9:32 | Create | Villager (Male) |
| 9:32 | Create | Villager (Male) |
| 9:34 | Build | Farm |
| 11:35 | Age | Castle Age |
| 11:37 | Build | Town Center |
| 11:39 | Research | Bow Saw |
| 11:39 | Research | Bow Saw |
| 11:42 | Build | Town Center |
| 11:44 | Research | Heavy Plow |
| 11:45 | Research | Heavy Plow |
| 11:47 | Create | Villager (Male) |
| 12:10 | Create | Villager (Male) |
| 12:27 | Build | Farm |
| 12:35 | Build | Farm |
| 12:42 | Create | Villager (Male) |
| 12:42 | Create | Villager (Male) |
| 12:43 | Create | Villager (Male) |
| 12:51 | Build | Farm |
| 12:55 | Create | Villager (Male) |
| 12:56 | Create | Villager (Male) |
| 12:56 | Create | Villager (Male) |
| 13:00 | Build | Farm |
| 13:07 | Create | Villager (Male) |
| 13:10 | Build | Farm |
| 13:14 | Build | Farm |
| 13:19 | Build | Farm |
| 13:22 | Create | Villager (Male) |
| 13:27 | Build | Farm |
| 13:37 | Create | Villager (Male) |
| 13:37 | Create | Villager (Male) |
| 13:40 | Build | Farm |
| 13:46 | Create | Villager (Male) |
| 13:48 | Build | Farm |
| 14:01 | Build | Farm |
| 14:06 | Build | Farm |
| 14:09 | Create | Villager (Male) |
| 14:09 | Create | Villager (Male) |
| 14:27 | Build | Farm |
| 14:43 | Create | Villager (Male) |
| 14:43 | Create | Villager (Male) |
| 14:43 | Create | Villager (Male) |
| 15:00 | Build | Town Center |
| 15:08 | Create | Villager (Male) |
| 15:09 | Create | Villager (Male) |
| 15:15 | Build | Farm |
| 15:19 | Create | Villager (Male) |
| 15:21 | Create | Villager (Male) |
| 15:21 | Create | Villager (Male) |
| 15:24 | Build | Farm |
| 15:26 | Build | Farm |
| 15:32 | Build | House |
| 15:44 | Research | Wheelbarrow |
| 15:45 | Research | Wheelbarrow |
| 15:47 | Create | Villager (Male) |
| 15:48 | Create | Villager (Male) |
| 15:51 | Build | Farm |
| 15:57 | Create | Villager (Male) |
| 16:00 | Build | Farm |
| 16:01 | Build | Farm |
| 16:05 | Create | Villager (Male) |
| 16:06 | Create | Villager (Male) |
| 16:10 | Build | Farm |
| 16:22 | Create | Boyar |
| 16:31 | Create | Villager (Male) |
| 16:31 | Create | Villager (Male) |
| 16:34 | Build | Stable |
| 16:40 | Build | Farm |
| 16:42 | Research | Loom |
| 16:42 | Research | Loom |
| 16:46 | Research | Town Watch |
| 16:47 | Research | Town Watch |
| 16:47 | Create | Villager (Male) |
| 16:53 | Build | Farm |
| 16:57 | Build | Farm |
| 16:59 | Build | Farm |
| 17:00 | Create | Villager (Male) |
| 17:04 | Build | Farm |
| 17:08 | Create | Boyar |
| 17:14 | Create | Villager (Male) |
| 17:14 | Create | Villager (Male) |
| 17:17 | Build | Farm |
| 17:19 | Build | Farm |
| 17:21 | Build | Farm |
| 17:28 | Create | Boyar |
| 17:38 | Research | Scale Barding Armor |
| 17:46 | Create | Boyar |
| 17:47 | Create | Boyar |
| 17:51 | Research | Husbandry |
| 17:56 | Create | Villager (Male) |
| 17:56 | Create | Villager (Male) |
| 17:56 | Create | Villager (Male) |
| 18:01 | Build | Mining Camp |
| 18:05 | Create | Villager (Male) |
| 18:11 | Build | Mining Camp |
| 18:12 | Create | Villager (Male) |
| 18:12 | Create | Villager (Male) |
| 18:25 | Research | Forging |
| 18:26 | Create | Villager (Male) |
| 18:26 | Create | Villager (Male) |
| 18:28 | Research | Gold Mining |
| 18:28 | Research | Gold Mining |
| 18:31 | Create | Villager (Male) |
| 18:33 | Build | Farm |
| 18:36 | Build | Farm |
| 18:37 | Build | Farm |
| 18:40 | Build | Farm |
| 18:45 | Create | Boyar |
| 18:45 | Create | Boyar |
| 19:04 | Create | Villager (Male) |
| 19:04 | Create | Villager (Male) |
| 19:04 | Create | Villager (Male) |
| 19:05 | Create | Villager (Male) |
| 19:09 | Build | House |
| 19:12 | Build | House |
| 19:13 | Build | House |
| 19:13 | Build | House |
Build order — [TMG] zv
First 150 of 664 actions detected
| 0:01 | Create | Villager (Male) |
| 0:01 | Create | Villager (Male) |
| 0:02 | Create | Villager (Male) |
| 0:13 | Build | Lumber Camp |
| 0:30 | Build | Mill |
| 1:05 | Create | Villager (Male) |
| 1:27 | Create | Villager (Male) |
| 1:27 | Create | Villager (Male) |
| 1:54 | Create | Villager (Male) |
| 1:54 | Create | Villager (Male) |
| 1:54 | Create | Villager (Male) |
| 2:24 | Create | Villager (Male) |
| 2:24 | Create | Villager (Male) |
| 2:38 | Create | Villager (Male) |
| 2:38 | Create | Villager (Male) |
| 3:12 | Build | Lumber Camp |
| 3:25 | Create | Villager (Male) |
| 4:11 | Create | Villager (Male) |
| 4:11 | Create | Villager (Male) |
| 4:50 | Build | Mining Camp |
| 4:55 | Create | Villager (Male) |
| 5:27 | Research | Feudal Age |
| 5:27 | Research | Feudal Age |
| 5:28 | Research | Feudal Age |
| 5:35 | Build | Farm |
| 5:45 | Build | Farm |
| 5:59 | Build | Farm |
| 6:03 | Build | Farm |
| 6:28 | Create | Villager (Male) |
| 7:31 | Create | Villager (Male) |
| 7:37 | Age | Feudal Age |
| 7:40 | Build | Market |
| 7:45 | Build | Blacksmith |
| 8:16 | Create | Villager (Male) |
| 8:44 | Create | Villager (Male) |
| 9:36 | Research | Castle Age |
| 9:36 | Research | Castle Age |
| 9:36 | Research | Castle Age |
| 10:09 | Research | Double-Bit Axe |
| 10:10 | Research | Double-Bit Axe |
| 10:10 | Research | Double-Bit Axe |
| 10:32 | Research | Horse Collar |
| 10:33 | Research | Horse Collar |
| 10:33 | Research | Horse Collar |
| 10:58 | Build | Farm |
| 10:59 | Build | Farm |
| 11:01 | Build | Farm |
| 11:03 | Build | Farm |
| 11:05 | Build | Farm |
| 11:11 | Create | Villager (Male) |
| 12:16 | Age | Castle Age |
| 12:20 | Create | Villager (Male) |
| 12:22 | Build | Town Center |
| 12:24 | Research | Bow Saw |
| 12:24 | Research | Bow Saw |
| 12:24 | Research | Bow Saw |
| 12:25 | Create | Villager (Male) |
| 12:31 | Create | Janissary |
| 12:37 | Create | Janissary |
| 12:47 | Create | Villager (Male) |
| 12:55 | Build | Town Center |
| 12:57 | Create | Villager (Male) |
| 13:04 | Create | Villager (Male) |
| 13:22 | Build | Farm |
| 13:30 | Create | Villager (Male) |
| 13:42 | Create | Villager (Male) |
| 13:46 | Build | Farm |
| 13:47 | Build | Farm |
| 13:52 | Create | Villager (Male) |
| 14:12 | Create | Villager (Male) |
| 14:14 | Create | Villager (Male) |
| 14:16 | Create | Villager (Male) |
| 14:25 | Create | Villager (Male) |
| 14:26 | Create | Villager (Male) |
| 14:29 | Build | Farm |
| 14:30 | Build | Farm |
| 14:51 | Create | Villager (Male) |
| 14:54 | Create | Villager (Male) |
| 14:56 | Create | Villager (Male) |
| 15:00 | Build | Farm |
| 15:01 | Build | Farm |
| 15:02 | Create | Villager (Male) |
| 15:05 | Create | Villager (Male) |
| 15:05 | Create | Villager (Male) |
| 15:07 | Build | Farm |
| 15:09 | Build | Farm |
| 15:16 | Create | Villager (Male) |
| 15:24 | Create | Villager (Male) |
| 15:24 | Create | Villager (Male) |
| 15:26 | Build | Farm |
| 15:29 | Build | Farm |
| 15:36 | Create | Villager (Male) |
| 15:36 | Create | Villager (Male) |
| 15:46 | Create | Villager (Male) |
| 16:00 | Create | Villager (Male) |
| 16:05 | Create | Villager (Male) |
| 16:07 | Build | Farm |
| 16:07 | Build | Farm |
| 16:08 | Build | Farm |
| 16:08 | Build | Farm |
| 16:10 | Build | Farm |
| 16:10 | Build | Farm |
| 16:16 | Create | Villager (Male) |
| 16:23 | Build | Farm |
| 16:23 | Build | Farm |
| 16:28 | Create | Villager (Male) |
| 16:29 | Create | Villager (Male) |
| 16:35 | Create | Villager (Male) |
| 17:01 | Create | Villager (Male) |
| 17:02 | Create | Villager (Male) |
| 17:19 | Create | Villager (Male) |
| 17:21 | Create | Villager (Male) |
| 17:24 | Build | House |
| 17:25 | Build | House |
| 17:30 | Create | Villager (Male) |
| 17:31 | Create | Villager (Male) |
| 17:40 | Create | Villager (Male) |
| 17:48 | Research | Wheelbarrow |
| 18:05 | Create | Villager (Male) |
| 18:05 | Create | Villager (Male) |
| 18:12 | Build | Town Center |
| 18:32 | Create | Villager (Male) |
| 18:33 | Create | Villager (Male) |
| 18:34 | Build | Farm |
| 18:34 | Build | Farm |
| 18:35 | Create | Villager (Male) |
| 18:35 | Create | Villager (Male) |
| 18:39 | Build | Farm |
| 18:41 | Build | Farm |
| 18:45 | Create | Villager (Male) |
| 18:47 | Build | House |
| 18:48 | Create | Villager (Male) |
| 18:50 | Build | Farm |
| 18:59 | Create | Villager (Male) |
| 19:07 | Build | Farm |
| 19:08 | Create | Villager (Male) |
| 19:11 | Build | Farm |
| 19:14 | Build | Farm |
| 19:15 | Create | Janissary |
| 19:19 | Create | Janissary |
| 19:20 | Create | Villager (Male) |
| 19:22 | Create | Villager (Male) |
| 19:28 | Create | Villager (Male) |
| 19:35 | Build | House |
| 19:36 | Create | Villager (Male) |
| 19:39 | Create | Villager (Male) |
| 19:39 | Create | Villager (Male) |
| 19:41 | Build | Farm |
| 19:42 | Build | Farm |
| 19:43 | Build | Farm |
Build order — [TMG] roogg
First 150 of 570 actions detected
| 0:11 | Build | Lumber Camp |
| 0:11 | Create | Villager (Male) |
| 0:11 | Create | Villager (Male) |
| 0:11 | Create | Villager (Male) |
| 0:12 | Create | Villager (Male) |
| 0:19 | Create | Villager (Male) |
| 0:19 | Create | Villager (Male) |
| 0:34 | Build | Mill |
| 0:38 | Build | Mill |
| 1:21 | Create | Villager (Male) |
| 1:22 | Create | Villager (Male) |
| 2:11 | Create | Villager (Male) |
| 2:43 | Create | Villager (Male) |
| 2:43 | Create | Villager (Male) |
| 2:58 | Create | Villager (Male) |
| 3:59 | Create | Villager (Male) |
| 4:22 | Create | Villager (Male) |
| 4:50 | Create | Villager (Male) |
| 4:54 | Build | Mining Camp |
| 5:00 | Build | Farm |
| 5:05 | Build | Farm |
| 5:15 | Create | Villager (Male) |
| 5:30 | Research | Feudal Age |
| 5:33 | Build | Farm |
| 6:57 | Build | Farm |
| 7:10 | Create | Villager (Male) |
| 7:10 | Create | Villager (Male) |
| 7:34 | Build | Farm |
| 7:48 | Age | Feudal Age |
| 7:51 | Build | Market |
| 7:55 | Build | Blacksmith |
| 8:32 | Research | Castle Age |
| 8:32 | Research | Castle Age |
| 8:49 | Research | Double-Bit Axe |
| 8:50 | Research | Double-Bit Axe |
| 9:01 | Research | Horse Collar |
| 10:49 | Create | Villager (Male) |
| 10:49 | Create | Villager (Male) |
| 10:59 | Age | Castle Age |
| 11:06 | Build | Town Center |
| 11:23 | Create | Villager (Male) |
| 11:28 | Build | Town Center |
| 11:53 | Create | Villager (Male) |
| 12:15 | Create | Villager (Male) |
| 12:21 | Research | Bow Saw |
| 12:21 | Research | Bow Saw |
| 12:31 | Create | Villager (Male) |
| 12:45 | Create | Villager (Male) |
| 12:46 | Create | Villager (Male) |
| 12:51 | Create | Villager (Male) |
| 12:51 | Create | Villager (Male) |
| 12:58 | Research | Heavy Plow |
| 12:58 | Research | Heavy Plow |
| 13:05 | Create | Villager (Male) |
| 13:05 | Create | Villager (Male) |
| 13:09 | Create | Villager (Male) ×2 |
| 13:17 | Build | Farm |
| 13:20 | Create | Villager (Male) |
| 13:21 | Create | Villager (Male) |
| 13:23 | Build | Farm |
| 13:32 | Build | Farm |
| 13:41 | Build | Farm |
| 13:44 | Create | Villager (Male) |
| 13:45 | Create | Villager (Male) |
| 13:48 | Build | Farm |
| 13:53 | Build | Farm |
| 13:57 | Build | Farm |
| 13:58 | Create | Villager (Male) |
| 13:58 | Create | Villager (Male) |
| 13:59 | Create | Villager (Male) |
| 14:02 | Build | Farm |
| 14:07 | Build | House |
| 14:09 | Create | Villager (Male) |
| 14:09 | Create | Villager (Male) |
| 14:13 | Build | Farm |
| 14:17 | Build | House |
| 14:26 | Build | Farm |
| 14:27 | Create | Villager (Male) |
| 14:27 | Create | Villager (Male) |
| 14:30 | Build | Farm |
| 14:32 | Create | Villager (Male) |
| 14:33 | Create | Villager (Male) |
| 14:33 | Create | Villager (Male) |
| 14:36 | Build | Farm |
| 14:46 | Create | Villager (Male) |
| 14:47 | Create | Villager (Male) |
| 14:51 | Build | Farm |
| 14:55 | Build | Farm |
| 14:58 | Build | Farm |
| 15:01 | Create | Villager (Male) ×2 |
| 15:01 | Create | Villager (Male) ×2 |
| 15:01 | Create | Villager (Male) ×2 |
| 15:05 | Build | Farm |
| 15:09 | Create | Villager (Male) |
| 15:10 | Create | Villager (Male) |
| 15:14 | Build | Farm |
| 15:20 | Build | Farm |
| 15:22 | Create | Villager (Male) |
| 15:22 | Create | Villager (Male) |
| 15:24 | Create | Villager (Male) |
| 15:24 | Create | Villager (Male) |
| 15:28 | Build | Farm |
| 15:32 | Build | House |
| 15:36 | Create | Villager (Male) |
| 15:36 | Create | Villager (Male) |
| 15:41 | Create | Villager (Male) |
| 15:41 | Create | Villager (Male) |
| 15:45 | Create | Villager (Male) |
| 15:46 | Create | Villager (Male) |
| 15:55 | Create | Villager (Male) |
| 15:55 | Create | Villager (Male) |
| 16:00 | Create | Villager (Male) |
| 16:00 | Create | Villager (Male) |
| 16:08 | Build | Town Center |
| 16:12 | Create | Villager (Male) ×2 |
| 16:12 | Create | Villager (Male) ×2 |
| 16:14 | Build | Town Center |
| 16:18 | Create | Villager (Male) |
| 16:18 | Create | Villager (Male) |
| 16:23 | Research | Wheelbarrow |
| 16:24 | Create | Villager (Male) |
| 16:24 | Create | Villager (Male) |
| 16:33 | Build | House |
| 16:34 | Build | House |
| 16:36 | Create | Villager (Male) |
| 16:37 | Create | Villager (Male) |
| 16:51 | Build | Farm |
| 16:52 | Create | Villager (Male) ×2 |
| 16:52 | Create | Villager (Male) ×2 |
| 17:01 | Build | Farm |
| 17:02 | Build | Farm |
| 17:09 | Build | Farm |
| 17:11 | Create | Villager (Male) |
| 17:14 | Create | Villager (Male) ×3 |
| 17:14 | Create | Villager (Male) ×3 |
| 17:14 | Create | Villager (Male) ×3 |
| 17:26 | Build | Mining Camp |
| 17:40 | Create | Villager (Male) |
| 17:40 | Create | Villager (Male) |
| 17:43 | Build | House |
| 17:44 | Build | House |
| 17:44 | Build | House |
| 17:48 | Create | Villager (Male) ×3 |
| 17:48 | Create | Villager (Male) ×3 |
| 17:52 | Build | Farm |
| 17:56 | Research | Stone Mining |
| 17:57 | Research | Gold Mining |
| 18:02 | Create | Villager (Male) ×2 |
| 18:03 | Create | Villager (Male) ×2 |
| 18:07 | Build | Farm |
Build order — MaggieWuerze
First 150 of 481 actions detected
| 0:00 | Create | Villager (Male) |
| 0:01 | Create | Villager (Male) |
| 0:01 | Create | Villager (Male) |
| 0:07 | Build | Lumber Camp |
| 0:21 | Create | Villager (Male) |
| 0:36 | Build | Mill |
| 0:56 | Create | Villager (Male) |
| 1:19 | Create | Villager (Male) |
| 1:40 | Create | Villager (Male) |
| 2:01 | Create | Villager (Male) |
| 2:55 | Create | Villager (Male) |
| 2:57 | Create | Villager (Male) |
| 3:20 | Create | Villager (Male) |
| 3:26 | Build | Farm |
| 3:29 | Build | Farm |
| 3:32 | Build | Farm |
| 3:44 | Create | Villager (Male) |
| 3:50 | Build | Farm |
| 4:20 | Build | Farm |
| 4:25 | Create | Villager (Male) |
| 5:06 | Research | Feudal Age |
| 5:09 | Build | Mining Camp |
| 6:18 | Create | Villager (Male) |
| 6:18 | Create | Villager (Male) |
| 7:36 | Age | Feudal Age |
| 7:37 | Build | Market |
| 7:46 | Build | Blacksmith |
| 8:14 | Research | Double-Bit Axe |
| 8:28 | Research | Castle Age |
| 8:28 | Research | Castle Age |
| 8:47 | Research | Horse Collar |
| 8:47 | Research | Horse Collar |
| 10:09 | Create | Villager (Male) |
| 10:09 | Create | Villager (Male) |
| 11:03 | Create | Villager (Male) |
| 11:08 | Age | Castle Age |
| 11:09 | Build | Town Center |
| 11:12 | Create | Villager (Male) |
| 11:34 | Build | Town Center |
| 11:37 | Create | Villager (Male) |
| 12:31 | Create | Villager (Male) |
| 12:33 | Create | Villager (Male) |
| 12:34 | Create | Villager (Male) |
| 12:34 | Create | Villager (Male) |
| 12:53 | Create | Villager (Male) |
| 12:53 | Create | Villager (Male) |
| 12:58 | Research | Bow Saw |
| 12:59 | Research | Heavy Plow |
| 13:17 | Create | Villager (Male) |
| 13:18 | Create | Villager (Male) |
| 13:27 | Build | Farm |
| 13:28 | Build | Farm |
| 13:45 | Create | Villager (Male) |
| 13:54 | Build | Farm |
| 13:55 | Build | Farm |
| 13:57 | Build | Farm |
| 14:00 | Build | Farm |
| 14:01 | Build | Farm |
| 14:07 | Create | Villager (Male) |
| 14:13 | Create | Villager (Male) |
| 14:16 | Research | Wheelbarrow |
| 14:21 | Build | Farm |
| 14:23 | Build | Farm |
| 14:33 | Build | Farm |
| 14:37 | Build | Farm |
| 14:40 | Build | Farm |
| 14:42 | Build | Farm |
| 14:52 | Create | Villager (Male) |
| 14:54 | Build | Farm |
| 15:01 | Build | Farm |
| 15:04 | Build | Farm |
| 15:06 | Create | Villager (Male) |
| 15:07 | Create | Villager (Male) |
| 15:21 | Build | Farm |
| 15:22 | Build | Farm |
| 15:23 | Build | Farm |
| 15:27 | Create | Villager (Male) |
| 15:34 | Create | Villager (Male) |
| 15:40 | Build | Farm |
| 15:41 | Create | Villager (Male) |
| 15:52 | Create | Villager (Male) |
| 15:53 | Create | Villager (Male) |
| 16:19 | Create | Villager (Male) |
| 16:20 | Create | Villager (Male) |
| 16:21 | Create | Villager (Male) |
| 16:22 | Build | Town Center |
| 16:25 | Build | Farm |
| 16:26 | Create | Villager (Male) |
| 16:32 | Build | Farm |
| 16:46 | Create | Villager (Male) |
| 17:09 | Create | Genoese Crossbowman |
| 17:09 | Create | Genoese Crossbowman |
| 17:11 | Create | Villager (Male) |
| 17:12 | Create | Villager (Male) |
| 17:12 | Create | Villager (Male) |
| 17:12 | Create | Villager (Male) |
| 17:12 | Create | Villager (Male) |
| 17:15 | Build | Lumber Camp |
| 17:20 | Build | Farm |
| 17:23 | Create | Villager (Male) |
| 17:36 | Create | Genoese Crossbowman |
| 17:36 | Create | Genoese Crossbowman |
| 17:42 | Research | Fletching |
| 17:48 | Research | Loom |
| 17:49 | Research | Town Watch |
| 18:08 | Build | Siege Workshop |
| 18:13 | Create | Genoese Crossbowman |
| 18:15 | Research | Bodkin Arrow |
| 18:17 | Create | Villager (Male) |
| 18:18 | Create | Villager (Male) |
| 18:22 | Build | House |
| 18:23 | Build | House |
| 18:26 | Build | House |
| 18:30 | Create | Villager (Male) |
| 18:32 | Build | Farm |
| 18:49 | Create | Genoese Crossbowman |
| 18:51 | Create | Villager (Male) |
| 19:04 | Create | Villager (Male) |
| 19:05 | Create | Villager (Male) |
| 19:05 | Create | Villager (Male) |
| 19:15 | Create | Mangonel |
| 19:24 | Create | Villager (Male) |
| 19:25 | Create | Villager (Male) |
| 19:52 | Create | Mangonel |
| 19:54 | Create | Villager (Male) |
| 20:25 | Create | Villager (Male) |
| 20:25 | Create | Villager (Male) |
| 20:25 | Create | Villager (Male) |
| 20:25 | Create | Villager (Male) |
| 20:26 | Create | Villager (Male) |
| 20:26 | Create | Villager (Male) |
| 20:52 | Build | University |
| 21:02 | Create | Villager (Male) |
| 21:02 | Create | Villager (Male) |
| 21:06 | Build | Town Center |
| 21:13 | Build | Castle |
| 21:15 | Research | Fortified Wall (upgrade) |
| 21:19 | Build | Stone Wall |
| 21:33 | Create | Villager (Male) |
| 21:33 | Create | Villager (Male) |
| 21:34 | Create | Villager (Male) |
| 21:34 | Create | Villager (Male) |
| 21:34 | Create | Villager (Male) |
| 21:35 | Create | Villager (Male) |
| 21:35 | Create | Villager (Male) |
| 21:57 | Create | Villager (Male) |
| 22:02 | Build | House |
| 22:03 | Build | House |
| 22:03 | Build | House |
| 22:03 | Build | House |
Build order — [TMG] purple
First 150 of 624 actions detected
| 0:02 | Create | Villager (Male) |
| 0:02 | Create | Villager (Male) |
| 0:02 | Create | Villager (Male) |
| 0:02 | Create | Villager (Male) |
| 0:13 | Build | Lumber Camp |
| 0:35 | Build | Mill |
| 1:11 | Create | Villager (Male) |
| 1:12 | Create | Villager (Male) |
| 1:42 | Create | Villager (Male) |
| 1:42 | Create | Villager (Male) |
| 1:43 | Create | Villager (Male) |
| 1:55 | Create | Villager (Male) |
| 1:56 | Create | Villager (Male) |
| 2:11 | Create | Villager (Male) |
| 2:12 | Create | Villager (Male) |
| 2:38 | Create | Villager (Male) |
| 2:43 | Create | Villager (Male) |
| 2:44 | Create | Villager (Male) |
| 3:36 | Create | Villager (Male) |
| 3:37 | Create | Villager (Male) |
| 3:48 | Build | Farm |
| 3:54 | Build | Farm |
| 4:39 | Build | Farm |
| 4:42 | Build | Mining Camp |
| 4:44 | Create | Villager (Male) |
| 5:07 | Research | Feudal Age |
| 7:11 | Create | Villager (Male) |
| 7:12 | Create | Villager (Male) |
| 7:19 | Age | Feudal Age |
| 7:27 | Build | Blacksmith |
| 7:32 | Build | Market |
| 8:34 | Research | Castle Age |
| 9:02 | Research | Horse Collar |
| 9:31 | Research | Double-Bit Axe |
| 11:14 | Age | Castle Age |
| 11:17 | Create | Villager (Male) |
| 11:17 | Create | Villager (Male) |
| 11:20 | Research | Bow Saw |
| 11:28 | Build | Town Center |
| 11:30 | Create | Villager (Male) |
| 11:39 | Research | Heavy Plow |
| 12:22 | Build | Farm |
| 12:25 | Build | Farm |
| 12:28 | Create | Villager (Male) |
| 12:34 | Build | Farm |
| 12:37 | Build | Farm |
| 12:43 | Create | Conquistador |
| 12:44 | Create | Conquistador |
| 12:44 | Create | Conquistador |
| 12:49 | Build | Farm |
| 12:57 | Create | Villager (Male) |
| 12:57 | Create | Villager (Male) |
| 13:05 | Build | Farm |
| 13:17 | Build | Farm |
| 13:18 | Create | Villager (Male) |
| 13:23 | Create | Villager (Male) |
| 13:23 | Create | Villager (Male) |
| 13:24 | Create | Villager (Male) |
| 13:26 | Build | Farm |
| 13:51 | Create | Villager (Male) |
| 13:53 | Build | Farm |
| 13:56 | Build | Farm |
| 13:57 | Create | Villager (Male) |
| 14:14 | Create | Petard |
| 14:14 | Create | Petard |
| 14:29 | Create | Villager (Male) |
| 14:30 | Build | Farm |
| 14:31 | Build | Farm |
| 14:34 | Build | Farm |
| 14:36 | Create | Villager (Male) |
| 14:36 | Create | Villager (Male) |
| 14:42 | Build | Farm |
| 14:43 | Build | Farm |
| 14:46 | Build | Farm |
| 14:58 | Build | Farm |
| 14:58 | Create | Villager (Male) |
| 14:59 | Create | Villager (Male) |
| 15:02 | Create | Villager (Male) |
| 15:14 | Create | Villager (Male) |
| 15:23 | Build | Farm |
| 15:49 | Build | Town Center |
| 15:50 | Create | Villager (Male) |
| 15:50 | Create | Villager (Male) |
| 15:51 | Create | Villager (Male) |
| 15:51 | Create | Villager (Male) |
| 15:51 | Create | Villager (Male) |
| 16:05 | Build | Lumber Camp |
| 16:08 | Create | Villager (Male) |
| 16:08 | Create | Villager (Male) |
| 16:21 | Create | Conquistador |
| 16:26 | Build | Farm |
| 16:27 | Create | Villager (Male) |
| 16:39 | Create | Villager (Male) |
| 16:40 | Create | Villager (Male) |
| 16:42 | Build | Farm |
| 16:46 | Build | House |
| 16:48 | Build | House |
| 17:09 | Build | Farm |
| 17:10 | Build | Farm |
| 17:23 | Research | Wheelbarrow |
| 17:27 | Build | House |
| 17:28 | Build | House |
| 17:32 | Build | Farm |
| 17:34 | Create | Conquistador |
| 17:35 | Create | Conquistador |
| 17:38 | Create | Villager (Male) |
| 17:43 | Build | Farm |
| 17:44 | Build | Farm |
| 17:45 | Create | Villager (Male) |
| 17:45 | Create | Villager (Male) |
| 17:45 | Create | Villager (Male) |
| 17:58 | Create | Villager (Male) |
| 17:59 | Create | Villager (Male) |
| 18:01 | Build | Farm |
| 18:02 | Build | Farm |
| 18:10 | Research | Loom |
| 18:11 | Create | Villager (Male) |
| 18:11 | Create | Villager (Male) |
| 18:12 | Create | Villager (Male) |
| 18:16 | Build | Farm |
| 18:17 | Create | Villager (Male) |
| 18:18 | Create | Villager (Male) |
| 18:26 | Create | Villager (Male) |
| 18:26 | Create | Villager (Male) |
| 18:33 | Build | House |
| 18:34 | Create | Villager (Male) |
| 18:40 | Build | Farm |
| 18:41 | Build | Farm |
| 18:42 | Create | Villager (Male) |
| 18:43 | Create | Villager (Male) |
| 18:43 | Create | Villager (Male) |
| 18:52 | Create | Villager (Male) |
| 19:06 | Build | Town Center |
| 19:07 | Create | Villager (Male) |
| 19:07 | Create | Villager (Male) |
| 19:07 | Create | Villager (Male) |
| 19:13 | Build | Farm |
| 19:16 | Create | Villager (Male) |
| 19:16 | Create | Villager (Male) |
| 19:19 | Build | Farm |
| 19:20 | Create | Villager (Male) |
| 19:20 | Create | Villager (Male) |
| 19:20 | Create | Villager (Male) |
| 19:24 | Build | House |
| 19:25 | Build | House |
| 19:40 | Build | Farm |
| 19:46 | Create | Villager (Male) |
| 19:46 | Create | Villager (Male) |
| 19:47 | Create | Villager (Male) |
| 19:49 | Create | Conquistador |
Match timeline
| 6:46 | LM | Hanserino · age_up feudal |
| 7:11 | [TMG] Lucipher · age_up feudal |
| 7:13 | Vicky R · age_up feudal |
| 7:19 | [TMG] purple · age_up feudal |
| 7:36 | MaggieWuerze · age_up feudal |
| 7:37 | [TMG] zv · age_up feudal |
| 7:48 | [TMG] roogg · age_up feudal |
| 8:04 | [TMG] Lucipher · first_market_sell 100 stone |
| 8:05 | [TMG] Lucipher · first_market_buy 100 food |
| 8:05 | Hellsum · age_up feudal |
| 9:46 | MaggieWuerze · first_market_buy 100 wood |
| 10:16 | Hellsum · first_market_buy 100 wood |
| 10:49 | [TMG] Lucipher · age_up castle |
| 10:50 | LM | Hanserino · age_up castle |
| 10:59 | [TMG] roogg · age_up castle |
| 11:03 | Vicky R · age_up castle |
| 11:08 | MaggieWuerze · age_up castle |
| 11:14 | [TMG] purple · age_up castle |
| 11:35 | Hellsum · age_up castle |
| 12:16 | [TMG] zv · age_up castle |
| 12:37 | [TMG] Lucipher · first_building Monastery |
| 13:08 | [TMG] roogg · first_market_buy 100 food |
| 13:22 | [TMG] purple · first_market_buy 100 food |
| 13:29 | [TMG] zv · first_market_buy 100 food |
| 14:30 | Vicky R · first_market_sell 100 wood |
| 15:23 | LM | Hanserino · first_market_buy 100 food |
| 16:12 | [TMG] Lucipher · first_building Siege Workshop |
| 16:34 | Hellsum · first_building Stable |
| 17:19 | Vicky R · first_building Monastery |
| 18:08 | MaggieWuerze · first_building Siege Workshop |
| 18:26 | LM | Hanserino · wall_segment Stone Wall x3 |
| 18:32 | LM | Hanserino · wall_segment Stone Wall x4 |
| 20:28 | Hellsum · first_market_sell 500 wood |
| 20:30 | [TMG] roogg · first_building Castle |
| 21:13 | MaggieWuerze · first_building Castle |
| 21:19 | MaggieWuerze · wall_segment Stone Wall x1 |
| 21:35 | LM | Hanserino · first_building Monastery |
| 21:52 | Vicky R · first_market_buy 100 wood |
| 22:02 | LM | Hanserino · first_building Castle |
| 22:05 | [TMG] purple · first_building Stable |
| 22:08 | [TMG] zv · first_building Castle |
| 22:10 | MaggieWuerze · wall_segment Stone Wall x16 |
| 22:16 | MaggieWuerze · wall_segment Stone Wall x10 |
| 22:36 | LM | Hanserino · wall_segment Stone Wall x26 |
| 22:47 | MaggieWuerze · first_building Barracks |
| 22:51 | LM | Hanserino · wall_segment Stone Wall x15 |
| 22:52 | LM | Hanserino · wall_segment Stone Wall x1 |
| 22:59 | Hellsum · first_building Castle |
| 23:01 | LM | Hanserino · first_building Barracks |
| 23:34 | LM | Hanserino · first_building Stable |
| 23:41 | Hellsum · age_up imperial |
| 24:03 | [TMG] Lucipher · age_up imperial |
| 24:30 | [TMG] roogg · first_building Barracks |
| 24:44 | [TMG] roogg · age_up imperial |
| 24:53 | MaggieWuerze · wall_segment Stone Wall x18 |
| 24:58 | MaggieWuerze · wall_segment Stone Wall x11 |
| 25:14 | LM | Hanserino · age_up imperial |
| 25:22 | LM | Hanserino · first_market_sell 100 wood |
| 25:27 | Vicky R · first_building Castle |
| 25:49 | MaggieWuerze · age_up imperial |
| 26:11 | Vicky R · first_building Barracks |
| 26:22 | Vicky R · first_building Archery Range |
| 26:28 | [TMG] roogg · first_building Stable |
| 26:57 | MaggieWuerze · first_market_sell 500 wood |
| 27:22 | Vicky R · age_up imperial |
| 27:24 | MaggieWuerze · wall_segment Stone Wall x7 |
| 28:14 | [TMG] roogg · first_market_sell 100 wood |
| 28:26 | [TMG] zv · age_up imperial |
| 28:38 | [TMG] zv · first_market_sell 100 wood |
| 29:04 | [TMG] purple · wall_segment Stone Wall x1 |
| 29:09 | [TMG] zv · wall_segment Stone Wall x1 |
| 29:10 | LM | Hanserino · first_building Siege Workshop |
| 29:11 | [TMG] purple · first_building Castle |
| 29:35 | [TMG] zv · first_building Archery Range |
| 30:15 | [TMG] Lucipher · first_building Archery Range |
| 30:29 | [TMG] Lucipher · wall_segment Stone Wall x5 |
| 30:34 | [TMG] purple · wall_segment Stone Wall x12 |
| 30:45 | [TMG] Lucipher · wall_segment Stone Wall x7 |
| 31:11 | [TMG] purple · age_up imperial |
| 31:24 | [TMG] zv · first_building Stable |
| 32:07 | [TMG] purple · wall_segment Stone Wall x11 |
| 32:35 | [TMG] Lucipher · first_building Castle |
| 32:46 | [TMG] zv · wall_segment Stone Wall x1 |
| 32:51 | [TMG] purple · first_building Barracks |
| 33:28 | [TMG] zv · wall_segment Stone Wall x6 |
| 34:26 | [TMG] zv · wall_segment Stone Wall x1 |
| 35:19 | Hellsum · first_building Siege Workshop |
| 35:37 | [TMG] Lucipher · wall_segment Stone Wall x1 |
| 35:49 | [TMG] purple · first_market_sell 100 stone |
| 36:49 | MaggieWuerze · first_building Archery Range |
| 36:53 | Hellsum · first_building Barracks |
| 39:29 | [TMG] Lucipher · tribute_sent a jugador 1 |
| 39:29 | [TMG] Lucipher · tribute_sent a jugador 3 |
| 39:29 | [TMG] Lucipher · tribute_sent a jugador 4 |
| 39:29 | [TMG] Lucipher · tribute_sent a jugador 5 |
| 39:29 | [TMG] Lucipher · tribute_sent a jugador 6 |
| 39:29 | [TMG] Lucipher · tribute_sent a jugador 7 |
| 39:29 | [TMG] Lucipher · tribute_sent a jugador 8 |
| 42:28 | [TMG] purple · first_building Archery Range |
| 42:32 | Vicky R · first_building Siege Workshop |
| 44:11 | [TMG] purple · first_building Siege Workshop |
| 45:09 | LM | Hanserino · tribute_sent a jugador 2 |
| 45:09 | LM | Hanserino · tribute_sent a jugador 3 |
| 45:09 | LM | Hanserino · tribute_sent a jugador 4 |
| 45:09 | LM | Hanserino · tribute_sent a jugador 5 |
| 45:09 | LM | Hanserino · tribute_sent a jugador 6 |
| 45:09 | LM | Hanserino · tribute_sent a jugador 7 |
| 45:09 | LM | Hanserino · tribute_sent a jugador 8 |
| 46:07 | Vicky R · first_building Stable |
| 46:47 | [TMG] purple · wall_segment Stone Wall x15 |
| 46:54 | [TMG] roogg · tribute_sent a jugador 1 |
| 46:54 | [TMG] roogg · tribute_sent a jugador 2 |
| 46:54 | [TMG] roogg · tribute_sent a jugador 3 |
| 46:54 | [TMG] roogg · tribute_sent a jugador 4 |
| 46:54 | [TMG] roogg · tribute_sent a jugador 5 |
| 46:54 | [TMG] roogg · tribute_sent a jugador 7 |
| 46:54 | [TMG] roogg · tribute_sent a jugador 8 |
| 48:26 | [TMG] Lucipher · resign |
[ AI ANALYSIS · 1 CREDIT ]
What really happened in this match?
Wolo.gg analyzes every decision: build order, eco, micro, common mistakes by bracket. Personalized analysis on WhatsApp or Discord in 30 seconds.
Civ guide
Britons
Perfil
Jugador #909095